 Dungeon Crawl Stone Soup version 0.30-a0-845-g7c6808c8ce (webtiles) character file.

Game seed: 8086490762220580583

18421 Dittersdorf the Blocker (level 12, -1/80 HPs)
             Began as a Gargoyle Fighter on Mar 2, 2023.
             Was a High Priest of Okawaru.
             Slain by a cane toad simulacrum (6 damage)
             ... on level 4 of the Lair of Beasts.
             The game lasted 00:16:58 (10865 turns).

Dittersdorf the Blocker (Gargoyle Fighter)         Turns: 10865, Time: 00:16:59

Health: -1/80      AC: 28    Str: 31    XL:     12   Next: 58%
Magic:  12/12      EV: 10    Int: 14    God:    Okawaru [*****.]
Gold:   1570       SH: 12    Dex:  9    Spells: 11/11 levels left

rFire   x . .      SeeInvis .    y - +7 eveningstar (chaos)
rCold   + . .      Faith    .    c - +1 buckler
rNeg    + . .      Spirit   .    O - +4 ring mail of the Gloaming {Int+2}
rPois   ∞          Reflect  +    B - +2 helmet
rElec   +          Rampage  .    F - +3 cloak of Suolyhu {Harm Int+3}
rCorr   .          Harm     + .  (no gloves)
Will    .....                    (no boots) Stlth
                                 E - amulet of reflection
HPRegen 0.33/turn                t - ring of ice
MPRegen 0.13/turn                N - +6 ring of strength

@: no status effects
A: sickness immunity, AC +8, negative energy resistance 1, electricity
resistance, torment resistance 1, petrification resistance
a: Renounce Religion, Heroism, Finesse, Duel


You were on level 4 of the Lair of Beasts.
You worshipped Okawaru.
Okawaru was extremely pleased with you.
You visited 3 branches of the dungeon, and saw 14 of its levels.
You also visited: Ossuary.

You collected 1570 gold pieces.

Inventory:

Hand Weapons
 y - a +7 eveningstar of chaos (weapon)
Missiles
 M - 3 curare-tipped darts (quivered)
Armour
 c - a +1 buckler (worn)
 g - a +0 chain mail
 q - a +2 cloak
 B - a +2 helmet (worn)
 F - the +3 cloak of Suolyhu (worn) {Harm Int+3}
   (Okawaru gifted it to you on level 4 of the Lair of Beasts)

   Int:       It affects your intelligence (+3).
   Harm:      It increases damage dealt and taken.
 O - the +4 ring mail of the Gloaming (worn) {Int+2}
   (Okawaru gifted it to you on level 1 of the Lair of Beasts)

   Int:       It affects your intelligence (+2).
Jewellery
 a - a +6 ring of dexterity
 b - a ring of fire
 e - a +6 ring of intelligence
 t - a ring of ice (left hand)
 C - a ring of willpower
 E - an amulet of reflection (around neck)
 H - a ring of willpower
 N - a +6 ring of strength (right hand)
 P - a ring of positive energy
 Q - a ring of willpower
 R - the amulet "Tithiu" {RegenMP rC+}
   (You found it on level 1 of the Lair of Beasts)

   [amulet of magic regeneration]

   It increases your rate of magic regeneration.
   rC:        It protects you from cold.
Wands
 m - a wand of flame (27)
 A - a wand of paralysis (30)
 L - a wand of roots (7)
Scrolls
 i - 3 scrolls of poison
 j - a scroll of fear
 n - 4 scrolls of silence
 o - 4 scrolls of enchant armour
 r - 8 scrolls of teleportation
 I - a scroll of torment
 S - 2 scrolls of blinking {unknown}
Potions
 d - 4 potions of might
 f - 2 potions of brilliance
 h - 3 potions of lignification {unknown}
 k - 3 potions of resistance
 l - a potion of magic
 p - 7 potions of mutation
 s - 5 potions of heal wounds {unknown}
 u - 8 potions of flight {unknown}
 v - 6 potions of curing {unknown}
 w - 3 potions of haste {unknown}
 x - 3 potions of degeneration {unknown}
 z - 3 potions of invisibility
 D - 2 potions of cancellation {unknown}
 J - a potion of berserk rage


   Skills:
 + Level 11.7 Fighting
 + Level 10.5 Maces & Flails
 + Level 11.7 Armour
 + Level 11.8 Shields


You had 11 spell levels left.
You didn't know any spells.
Your spell library contained the following spells:

 Spells                   Type           Power      Damage    Failure   Level
 Freeze                   Ice            0%         1d3       41%         1
 Kiss of Death            Conj/Necr      0%         2d5       41%         1
 Ensorcelled Hibernation  Hex/Ice        0%         N/A       56%         2
 Passwall                 Tmut/Erth      0%         N/A       56%         2
 Confusing Touch          Hex            0%         N/A       80%         3
 Frozen Ramparts          Ice            0%         1d1       80%         3
 Hailstorm                Conj/Ice       0%         3d3       80%         3
 Spider Form              Tmut/Pois      0%         N/A       80%         3
 Swiftness                Air            0%         N/A       80%         3
 Anguish                  Hex/Necr       0%         N/A       99%         4
 Dispel Undead            Necr           0%         3d6       99%         4
 Ice Form                 Ice/Tmut       0%         N/A       99%         4
 Simulacrum               Ice/Necr       Unusable   N/A       N/A         6

Dungeon Overview and Level Annotations

Branches:
Dungeon (10/15)            Temple (1/1) D:4            Lair (4/5) D:8
  Slime (0/5) Lair:4      Ossuary (visited)
  Swamp: Lair:2-3    Shoals: Lair:2-3     Snake: Lair:2-3    Spider: Lair:2-3
    Orc: D:9-12

Altars:
Ashenzari
Cheibriados
Dithmenos
Elyvilon
Fedhas
Hepliaklqana
Kikubaaqudgha
Makhleb
Nemelex Xobeh
Okawaru
Qazlal
Ru
Sif Muna
Trog
Uskayaw
Vehumet
Wu Jian
Xom
Yredelemnul
Zin
The Shining One

Portals:
Ice
Cave: Lair:4

Annotations:
D:3 2 runed translucent doors, Iamsock's ghost, weakling DsWn


Innate Abilities, Weirdness & Mutations

You are immune to sickness and miasma.
Your stone body is resilient. (AC +8)
You are immune to poison.
You resist negative energy. (rN+)
You are resistant to electric shocks. (rElec)
You are resistant to unholy torment.
You are immune to petrification.


Message History

You block the elephant simulacrum's attack.
The elephant simulacrum barely misses you.
You miss the water moccasin.
The water moccasin is almost dead.
The water moccasin bites you but does no damage.
You block the cane toad simulacrum's attack.
The cane toad simulacrum hits you but does no damage.
You block the water moccasin's attack.
You bludgeon the water moccasin!!
You feel better.
You kill the water moccasin!
Okawaru accepts your kill. The cane toad simulacrum hits you.
The cane toad simulacrum freezes you! You resist.
The cane toad simulacrum hits you. The cane toad simulacrum freezes you.
You resist.
You are too injured to fight recklessly!
You are too injured to fight recklessly!
You are too injured to fight recklessly!
You are too injured to fight recklessly!
You are too injured to fight recklessly!
You are too injured to fight recklessly!
You are too injured to fight recklessly!
You are too injured to fight recklessly!
You are too injured to fight recklessly!
You are too injured to fight recklessly!
You are too injured to fight recklessly!
You are too injured to fight recklessly!
You are too injured to fight recklessly!
You are too injured to fight recklessly!
You are too injured to fight recklessly!
You are too injured to fight recklessly!
You are too injured to fight recklessly!
You are too injured to fight recklessly!
You are too injured to fight recklessly!
The cane toad simulacrum hits you!
* * * LOW HITPOINT WARNING * * *
The cane toad simulacrum freezes you! You resist.
* * * LOW HITPOINT WARNING * * *
The cane toad simulacrum attacks as you move away!
The cane toad simulacrum hits you.
You die...

**,,** ##...##,*, #P..,*
###.....##** ##...#*
#........##* ###.....*
##.........## #.#.....##
#...........# #.......P#
##............
#.....*..###.............
#..∩..*#..##.............
##.....##@.###............
#.......ZZ.##............†
#.......ZP†Z###...........
#...........###..........P
#.....................#..#
#...................###P#*
##...............##P# ##*
#............#.##*##*** #
*#.#...........##,***,.###


You could see an elephant simulacrum (confused), 2 cane toad simulacra and a
polar bear simulacrum.

Vanquished Creatures
  A fire dragon (Lair:1)
  Fannar (D:10)
  8 elephants
  4 cane toads
  2 rime drakes
  2 komodo dragons
  3 trolls
  A polar bear (Lair:2)
  6 blink frogs
  A spriggan (Lair:2)
  A vampire (D:8)
  17 yaks
  A wyvern (Lair:1)
  4 basilisks
  A steam dragon (D:7)
  2 wargs (D:7)
  2 acid dragons (D:10)
  8 water moccasins
  5 orc warriors
  3 ice beasts
  5 black bears
  An ogre (D:4)
  3 wolves (Lair:2)
  3 centaurs
  2 elf zombies (D:4)
  2 scorpions
  12 bullfrogs
  3 gnoll sergeants
  An elf skeleton (D:4)
  10 wights
  6 water moccasin zombies (Ossuary)
  3 killer bees (D:10)
  2 howler monkeys (D:7)
  An electric eel (D:6)
  A bullfrog zombie (Ossuary)
  A quasit (D:8)
  5 hounds
  A human zombie (D:4)
  2 iguanas
  5 orc priests
  Ijyb (D:4)
  2 human skeletons (D:4)
  A sleepcap (D:6)
  Terence (D:1)
  A gnoll bouda (D:5)
  7 orc wizards
  2 scorpion zombies (Ossuary)
  Robin (D:2)
  26 gnolls
  4 adders
  4 shadow imps
  6 white imps
  5 ufetubi
  4 adder zombies (Ossuary)
  2 worms (D:2)
  4 dart slugs
  32 orcs
  6 bats
  8 endoplasms
  8 giant cockroaches
  3 gnoll zombies (Ossuary)
  17 goblins
  10 hobgoblins
  9 kobolds
  6 quokkas
  4 ball pythons
  7 frilled lizards (D:1)
  9 goblin zombies (Ossuary)
  2 hobgoblin zombies (Ossuary)
  3 orc skeletons (D:4)
  5 orc zombies
  6 rats
348 creatures vanquished.

Vanquished Creatures (others)
  A demonic plant (D:8)
  5 fungi
  9 plants
15 creatures vanquished.

Grand Total: 363 creatures vanquished

Notes
Turn   | Place    | Note
-------+----------+-------------------------------------------
     0 | D:1      | Dittersdorf the Gargoyle Fighter began the quest for the
                  | Orb.
     0 | D:1      | Reached XP level 1. HP: 14/14 MP: 1/1
   141 | D:1      | Reached XP level 2. HP: 19/19 MP: 2/2
   511 | D:1      | Reached XP level 3. HP: 23/23 MP: 3/3
   792 | D:2      | Noticed Terence
   819 | D:1      | Killed Terence
   820 | D:1      | Reached XP level 4. HP: 16/29 MP: 4/4
   971 | D:2      | Noticed Robin
   981 | D:2      | Killed Robin
  1394 | D:2      | Reached XP level 5. HP: 33/33 MP: 5/5
  1616 | D:3      | Noticed an ice beast
  1637 | D:3      | Killed an ice beast
  1638 | D:3      | Reached XP level 6. HP: 13/39 MP: 6/6
  1915 | D:3      | Found a runed translucent door.
  1916 | D:3      | Noticed Iamsock's ghost (weakling DsWn)
  1948 | D:3      | Found a shadowy altar of Dithmenos.
  2028 | D:3      | Found a snail-covered altar of Cheibriados.
  2179 | D:3      | Found a runed translucent door.
  2300 | D:4      | Noticed Ijyb
  2331 | D:4      | Killed Ijyb
  2467 | D:4      | Reached skill level 5 in Fighting
  2467 | D:4      | Reached skill level 5 in Shields
  2475 | D:4      | Reached skill level 5 in Armour
  2475 | D:4      | Reached XP level 7. HP: 36/44 MP: 7/7
  2508 | D:4      | Found a sand-covered staircase.
  2567 | Ossuary  | Entered an ossuary
  2736 | Ossuary  | Reached XP level 8. HP: 36/51 MP: 8/8
  2846 | Ossuary  | Reached skill level 5 in Maces & Flails
  2915 | Ossuary  | Noticed a silent spectre
  2954 | D:4      | Identified a scroll of acquirement
  2954 | D:4      | Acquired a +3 eveningstar of draining
  3226 | D:4      | Found a staircase to the Ecumenical Temple.
  3233 | Temple   | Entered the Ecumenical Temple
  3378 | Temple   | Became a worshipper of Warmaster Okawaru
  3418 | D:4      | Found a glowing golden altar of the Shining One.
  3607 | D:4      | Found a sparkling altar of Nemelex Xobeh.
  3865 | D:5      | Entered Level 5 of the Dungeon
  3927 | D:5      | Found a hazy altar of Hepliaklqana.
  4211 | D:5      | Reached XP level 9. HP: 51/57 MP: 9/9
  4343 | D:5      | Reached * piety under Okawaru
  4558 | D:6      | Acquired 759 gold pieces
  5092 | D:6      | Found an ancient bone altar of Kikubaaqudgha.
  5387 | D:7      | Reached ** piety under Okawaru
  5581 | D:7      | You fall into a shaft and drop 1 floor!
  5582 | D:8      | yay!
  5661 | D:7      | Reached XP level 10. HP: 63/64 MP: 10/10
  6296 | D:8      | Found an ornate altar of the Wu Jian Council.
  6409 | D:8      | Found a glowing silver altar of Zin.
  6448 | D:8      | Found a staircase to the Lair.
  6667 | D:8      | Reached *** piety under Okawaru
  7753 | D:10     | Entered Level 10 of the Dungeon
  7794 | D:10     | Noticed Fannar
  7807 | D:10     | Killed Fannar
  7807 | D:10     | Reached **** piety under Okawaru
  7997 | D:10     | Found a sacrificial altar of Ru.
  8124 | D:10     | Reached XP level 11. HP: 61/72 MP: 11/11
  8479 | D:10     | Found a white marble altar of Elyvilon.
  8891 | Lair:1   | Entered Level 1 of the Lair of Beasts
  8993 | Lair:1   | Reached skill level 10 in Shields
  9008 | Lair:1   | Reached skill level 10 in Fighting
  9010 | Lair:1   | Reached ***** piety under Okawaru
  9011 | Lair:1   | Reached skill level 10 in Armour
  9033 | Lair:1   | HP: 2/72 [bullfrog (6)]
  9059 | Lair:1   | Identified the +4 ring mail of the Gloaming {Int+2}
                  | (Okawaru gifted it to you on level 1 of the Lair of Beasts)
  9059 | Lair:1   | Received a gift from Okawaru
  9384 | Lair:1   | Noticed a fire dragon
  9403 | Lair:1   | Killed a fire dragon
  9543 | Lair:1   | Identified the amulet "Tithiu" {RegenMP rC+}
 10294 | Lair:2   | Reached XP level 12. HP: 63/79 MP: 12/12
 10402 | Lair:2   | Reached skill level 10 in Maces & Flails
 10665 | Lair:2   | You fall into a shaft and drop 2 floors!
 10765 | Lair:4   | Identified the +3 cloak of Suolyhu {Harm Int+3} (Okawaru
                  | gifted it to you on level 4 of the Lair of Beasts)
 10765 | Lair:4   | Received a gift from Okawaru
 10843 | Lair:4   | Found a frozen archway.
 10865 | Lair:4   | Slain by a cane toad simulacrum

Illustrated notes

## .### ...
########.##
.......@..#
########...#
.......
....###
#.### ##


Turn 5582 on D:8: yay!

Levels and vault maps discovered:
D:1:      minmay_arrival_wavy_path, layout_basic, serial_bayou_lake_a
D:2:      layout_rooms, minmay_lizard_pond, uniq_robin, uniq_terence
D:3:      layout_rooms, mainiacjoe_overflow_brackets,
          mainiacjoe_overflow_surrounded_room, ebering_ghost_sewer_f
D:4:      layout_loops_ring, mainiacjoe_overflow_chevrons, lemuel_round_altar,
          minmay_temple_entry_gardened_gates, nicolae_ossuary_entry_catacombs,
          uniq_ijyb
D:5:      layout_gridville, mainiacjoe_overflow_alcove_4
D:6:      layout_basic, mainiacjoe_overflow_alcove_1, minivault_14,
          hangedman_decor_push, minmay_misc_feat_nine_boxes
D:7:      layout_loops_ring, nrook_mini_vaults,
          minmay_fractal_squares_diagonal_5
D:8:      layout_loops_ring, nzn_wu_jian_council_hall,
          mainiacjoe_overflow_concentric_impassable, erik_lair_orcish_takeover,
          serial_demonic, serial_demonic_d, serial_demonic_a, serial_demonic_e,
          serial_demonic_f, serial_demonic_d, nicolae_eternal_life
D:9:      layout_cave_pools, kennysheep_generic_room_5
D:10:     layout_layer_cave, elyvilon_altar_5, nicolae_overflow_hidden_temple,
          uniq_fannar
Temple:   nicolae_temple_slightly_damp_pantheon
Lair:1:   dragon1_lemuel, layout_hall_layers, lemuel_fruit_tree
Lair:2:   layout_roguey, nicolae_spider_entry_lesser_pyramids,
          grunt_forest_small_clearings, grunt_forest_stairs_clearing
Lair:4:   layout_cave_pods, dpeg_slime_entry_enclosed,
          portal_ice_cave_entry_ice_simulacra, lemuel_fruit_fields

Skill      XL: |  1  2  3  4  5  6  7  8  9 10 11 12 |
---------------+-------------------------------------+-----
Fighting       | 4 5 7 8 9 10 11 | 11.7
Shields        | 4 5 7 8 9 11 | 11.8
Armour         | 4 5 6 8 9 10 11 | 11.7
Maces & Flails | 3 4 5 7 8 9 10 | 10.5

Action                     |  1- 3 |  4- 6 |  7- 9 | 10-12 || total
---------------------------+-------+-------+-------+-------++-------
  Melee: Flail             |    91 |    76 |   228 |       ||   395
         Whip              |       |   230 |       |       ||   230
         Eveningstar       |       |       |   203 |   431 ||   634
 Invoke: Heroism           |       |       |       |     1 ||     1
    Use: Scroll            |       |    10 |     8 |     9 ||    27
 Armour: Chain mail        |    81 |   164 |   337 |   167 ||   749
         Scale mail        |     2 |       |       |       ||     2
         Ring mail         |       |       |       |   116 ||   116
  Dodge: Dodged            |    44 |   100 |   225 |   178 ||   547
  Block: Buckler           |    17 |    43 |   155 |   346 ||   561
         Reflection        |       |       |       |     7 ||     7

Table legend: (Time is in decaauts)
 A = Elapsed time spent in this place.
 B = Non-inter-level travel time spent in this place.
 C = Inter-level travel time spent in this place.
 D = Time resting spent in this place.
 E = Time spent auto-exploring this place.
 F = Levels seen in this place.
 G = Mean time per level.
                   A        B        C        D        E       F      G
               +--------+--------+--------+--------+--------+-----+--------+
         Total |  11062 |  10713 |    349 |    892 |   7018 |  15 |  737.5 |
       Dungeon |   8506 |   8187 |    319 |    476 |   5749 |  10 |  850.6 |
        Temple |    157 |    147 |     10 |      0 |    131 |   1 |  157.0 |
          Lair |   1982 |   1963 |     19 |    416 |    958 |   3 |  660.7 |
       Ossuary |    416 |    416 |      0 |      0 |    180 |   1 |  416.0 |
               +--------+--------+--------+--------+--------+-----+--------+

Top non-repeatable levels by time:
  Lair:1: 1373 daAuts
    D:10: 1105 daAuts
     D:8: 1104 daAuts
     D:4: 1059 daAuts
     D:1: 1011 daAuts
     D:7: 992 daAuts
     D:6: 721 daAuts
     D:3: 718 daAuts
     D:5: 695 daAuts
     D:2: 622 daAuts
     D:9: 474 daAuts
 Ossuary: 416 daAuts
  Lair:2: 410 daAuts
  Lair:4: 198 daAuts
  Temple: 157 daAuts
